 Dungeon Crawl Stone Soup version 0.27.0-1-g7a089689b8 (webtiles) character file.

Game seed: 3018682717232634054

1 SnakkuSnakku7 the Vexing (level 1, 14/14 HPs)
             Began as a Draconian Arcane Marksman on Aug 7, 2021.
             Was a Follower of Hepliaklqana.
             Got out of the dungeon alive.
             The game lasted 00:00:12 (147 turns).

SnakkuSnakku7 the Vexing (Draconian Arcane Marksman) Turns: 147, Time: 00:00:13

Health: 14/14      AC:  4    Str: 12    XL:     1   Next: 16%
Magic:  2/2        EV: 12    Int: 13    God:    Hepliaklqana [*.....]
Gold:   0          SH:  0    Dex: 11    Spells: 1/2 levels left

rFire    . . .     SeeInvis .   (no weapon)
rCold    . . .     Faith    .   (no shield)
rNeg     . . .     Spirit   .   (armour unavailable)
rPois    .         Reflect  .   (helmet restricted)
rElec    .         Harm     .   (no cloak)
rCorr    .         Rampage  .   (no gloves)
Will     .....                  (no boots)
Stlth    +.........             (no amulet)
HPRegen  0.04/turn              (no ring)
MPRegen  0.08/turn              (no ring)

@: no status effects
A: reduced essence, AC +4, unfitting armour, cold-blooded
a: Renounce Religion, Recall Ancestor, Ancestor Identity


You escaped.
You worshipped Hepliaklqana.
Hepliaklqana was aware of your devotion.
You visited 1 branch of the dungeon, and saw 1 of its levels.

Inventory:

Hand Weapons
 c - a +0 hand axe
Missiles
 a - 5 javelins (quivered)
 b - 2 throwing nets


   Skills:
 - Level 1.1 Fighting
 + Level 1.9 Throwing
 - Level 1.7 Dodging
 - Level 1.0 Spellcasting
 - Level 2.6 Hexes


You had one spell level left.
You knew the following spells:

 Your Spells              Type           Power      Damage    Failure   Level
a - Corona                Hex            7%         N/A       10%         1

Your spell library contained the following spells:

 Spells                   Type           Power      Damage    Failure   Level
 Slow                     Hex            7%         N/A       14%         2
 Inner Flame              Hex/Fire       4%         N/A       43%         3
 Portal Projectile        Hex/Tloc       8%         N/A       43%         3
 Cause Fear               Hex            3%         N/A       67%         4


Dungeon Overview and Level Annotations

Branches:
Dungeon (1/15)

Altars:
Hepliaklqana


Innate Abilities, Weirdness & Mutations

Your life essence is reduced to manifest your ancestor. (-10% HP)
Your plain brown scales are hard. (AC +4)
You cannot fit into any form of body armour.
You are cold-blooded and may be slowed by cold attacks.


Message History

Found a faded altar of an unknown god.
There is an open door here.
You open the door.
There is an open door here.
There is a faded altar of an unknown god here.
You open the door.
There is an open door here.
You open the door.
There is an open door here.
Found a hand axe.
A bat comes into view.
You see here a +0 hand axe.
c - a +0 hand axe
Press: ? - help, . - travel You can't see that place. [a faded altar of an unknown god.]
There is an open door here.
There is an open door here.
There is a faded altar of an unknown god here.
You cannot tell which god this altar belongs to.
Convert to them anyway?
Okay, then.
Unknown command.
Press < or > to pray at altars.
You cannot tell which god this altar belongs to.
Convert to them anyway?
Hepliaklqana accepts your prayer! Hepliaklqana welcomes you!
Hepliaklqana forms a fragment of your life essence into the memory of your ancestor, Lwandle!
You can now recall your ancestor.
You can now remember your ancestor's identity.
Unknown command.
Press < or > to pray at altars.
You swap places.
There is an open door here.
There is an open door here.
You enter the shallow water.
Moving in this stuff is going to be slow.
There is a large open door here.
There is a staircase leading out of the dungeon here.
Are you sure you want to leave the Dungeon?
This will make you lose the game!
You have escaped!

####.R.. . ..##'### #.
#.##.... ##.##########
#.#####. #≈≈≈≈≈≈§§≈≈.#
#.# ##
#≈8≈≈≈§§§8≈.###.# #
#≈≈8≈≈≈≈8≈≈..##.######
#§≈≈####§§§...........
#§≈≈#@R'§≈§..##.......
#§≈≈#..'§§§..####.....
#§≈≈####≈≈≈..# #.....
#≈≈8≈≈≈≈8≈≈..# ##....
#≈8≈§≈≈≈≈8≈### #....
#≈≈§≈§≈≈≈≈≈# #....
############ #....
#.... #....


You could see the friendly Lwandle the ancestor.

Vanquished Creatures
  A hobgoblin (D:1)
1 creature vanquished.

Notes
Turn   | Place    | Note
-------+----------+-------------------------------------------
     0 | D:1      | SnakkuSnakku7 the Draconian Arcane Marksman began the quest
                  | for the Orb.
     0 | D:1      | Reached XP level 1. HP: 16/16 MP: 2/2
    42 | D:1      | Found a faded altar of an unknown god.
   106 | D:1      | Became a worshipper of Hepliaklqana the Forgotten
   106 | D:1      | Reached * piety under Hepliaklqana
   147 | D:$      | Got out of the dungeon alive.

Illustrated notes

Levels and vault maps discovered:
D:1:      lightli_arrival_boilingwater, layout_rooms,
          shapermc_ecumenical_altar_ellora, serial_shops,
          nicolae_shop_statue_plus

Action                   || total
-------------------------++-------
Melee: Unarmed           ||     7
       Tailslap          ||     1
Armor: Skin              ||     2
Dodge: Dodged            ||     6
